 Dungeon Crawl Stone Soup version 0.18-a0-1572-g0a86841 (webtiles) character file.

393 Shelf the Chopper (level 6, -2/55 HPs)
             Began as a Deep Dwarf Fighter on Mar 15, 2016.
             Succumbed to Nimp's poison
             ... on level 4 of the Dungeon.
             The game lasted 00:07:52 (2506 turns).

Shelf the Chopper (Deep Dwarf Fighter)              Turns: 2506, Time: 00:07:52

Health: -2/55      AC:  7    Str: 25    XL:     6   Next: 51%
Magic:  0/8        EV:  8    Int:  6    God:
Gold:   138        SH: 13    Dex: 14    Spells: 0 memorised, 5 levels left

rFire  . . .     SeeInvis .     a - +1 war axe
rCold  . . .     Gourm    .     s - +1 ring mail
rNeg   . . .     Faith    .     c - +0 shield
rPois  .         Spirit   .     (no helmet)
rElec  .         Dismiss  .     i - +0 cloak
rCorr  +         Reflect  +     (no gloves)
SustAt .         Harm     .     (no boots)
MR     .....                    o - +3 amulet of reflection
Stlth  ++........               l - ring of resist corrosion
                                g - ring of stealth

@: mighty, lethally poisoned (-2 -> -45), non-regenerating, drained, not
resistant to hostile enchantments, unstealthy
A: damage resistance, recharge devices, dopey 1, sense surroundings 1, slow
regeneration 3, MP-powered wands
a: Device Recharging


You were on level 4 of the Dungeon.
You were not hungry.

You visited 1 branch of the dungeon, and saw 4 of its levels.

You collected 138 gold pieces.

Inventory:

Hand Weapons
 a - a +1 war axe (weapon)
 h - a +1 whip of venom
 j - a +1 dagger of venom
Armour
 c - a +0 shield (worn)
 i - a +0 cloak (worn)
 s - a +1 ring mail (worn)
Jewellery
 g - a ring of stealth (left hand)
 l - a ring of resist corrosion (right hand)
 o - a +3 amulet of reflection (around neck)
 q - an uncursed ring of flight
Wands
 e - a wand of heal wounds (1/9)
Scrolls
 n - a scroll of enchant weapon
 r - a scroll of fear
 u - a scroll of remove curse
Potions
 m - a potion of lignification
 p - a potion of flight
Comestibles
 b - a slice of pizza
 f - 3 bread rations
 k - 2 meat rations
 v - 5 chunks of flesh


   Skills:
 - Level 2.6(2.3) Fighting
 + Level 6.9(6.5) Axes
 - Level 3.2(2.9) Armour
 - Level 3.2(2.9) Shields
 + Level 3.7(3.4) Evocations


You had 5 spell levels left.
You didn't know any spells.

Dungeon Overview and Level Annotations

Branches:
Dungeon (4/15)
 Temple: D:4-7

Altars:
Nemelex Xobeh
Pakellas
Sif Muna


Innate Abilities, Weirdness & Mutations

You are resistant to damage.
You can recharge devices by infusing magical energy.
You passively map a small area around you.
You do not regenerate naturally.
You are dopey. (Int -2)
You expend magic power (3 MP) to strengthen your wands.


Message History

You block Nimp's attack.
You hit Nimp but do no damage.
Nimp is almost dead.
* * * LOW HITPOINT WARNING * * *
You feel very sick. Nimp hits you with a trident of venom.
* * * LOW HITPOINT WARNING * * *
You are more poisoned.
You hit Nimp.
Nimp is almost dead.
* * * LOW HITPOINT WARNING * * *
You feel extremely sick. You block Nimp's attack.
Unknown command.
Evoke which item? (* to show all) (? for menu, Esc to quit)
You draw a card...
It is Focus.
The deck of cards disappears without a trace.
You feel stronger.
You feel stupid.
You die...

∆, ...## , ∆ *
#... , , ∆ #..#*
.#* ∆, ##
#..###..# ,
##...#####.......
.......<)....####
, *
...#####)..#.....
∆ * *#..m#..###.
* **#..#@..## * ,
, ,
............... ,
* ###.##...######
#. ..#.# * * #
...,.# ...# ## ,
* #... * #..#* *
∆ ∆


You could see Nimp the merfolk.

Vanquished Creatures
  A merfolk (D:4)
  Menkaure (D:4)
  3 orc wizards (D:4)
  A worker ant (D:3)
  4 gnolls (D:2)
  6 adders
  3 worms
  A giant gecko (D:1)
  11 orcs
  3 bats
  4 giant cockroaches
  7 goblins
  5 hobgoblins
  11 jackals
  11 kobolds
  A quokka (D:2)
  4 ball pythons (D:2)
  2 giant newts
  4 rats
83 creatures vanquished.

Notes
Turn   | Place    | Note
--------------------------------------------------------------
     0 | D:1      | Shelf the Deep Dwarf Fighter began the quest for the Orb.
     0 | D:1      | Reached XP level 1. HP: 20/20 MP: 1/1
   189 | D:1      | Reached skill level 3 in Axes
   189 | D:1      | Reached XP level 2. HP: 21/27 MP: 2/2
   870 | D:2      | Reached skill level 4 in Axes
   870 | D:2      | Reached XP level 3. HP: 15/33 MP: 3/3
   983 | D:2      | Reached XP level 4. HP: 8/40 MP: 4/4
  1209 | D:2      | Reached skill level 5 in Axes
  1804 | D:3      | Reached XP level 5. HP: 25/46 MP: 5/5
  1938 | D:3      | Reached skill level 6 in Axes
  1955 | D:3      | Reached skill level 1 in Evocations
  2077 | D:3      | Found an oddly glowing altar of Pakellas.
  2315 | D:3      | Found a deep blue altar of Sif Muna.
  2416 | D:4      | Found a sparkling altar of Nemelex Xobeh.
  2416 | D:4      | Noticed Menkaure
  2431 | D:4      | Killed Menkaure
  2431 | D:4      | Reached XP level 6. HP: 31/55 MP: 6/8
  2466 | D:4      | Noticed Niheemn
  2482 | D:4      | Killed Niheemn the merfolk
  2485 | D:4      | Gained mutation: You expend magic power (3 MP) to strengthen your wands. [helix card]
  2486 | D:4      | Gained mutation: You are dopey. (Int -2) [helix card]
  2488 | D:4      | Noticed Nimp
  2505 | D:4      | HP: 2/55 [poisoned by Nimp]
  2506 | D:4      | Drew Focus: Str increased to 20, Int decreased to 8
  2506 | D:4      | Succumbed to Nimp's poison

Vault maps used:
D:1:      lemuel_arrival_muddy, serial_bayou_lagoon_a
D:2:      first_bread, minmay_shallow_snake_nest
D:3:      overflow_temple_1_default, led_sif_pool
D:4:      nemelex_deck, hangedman_feature_mirror, uniq_eustachio,
          uniq_blork_the_orc, uniq_menkaure

Skill      XL: |  1  2  3  4  5 |
---------------+----------------+-----
Axes           | 3 4 5 6 |  6.9
Evocations     | 3 |  3.7
Fighting       | |  2.6
Armour         | |  3.2
Shields        | |  3.2

Action                   |  1- 3 |  4- 6 || total
-------------------------+-------+-------++-------
Melee: War axe           |   107 |   193 ||   300
Evoke: Wand              |     1 |     9 ||    10
       Deck              |       |     9 ||     9
  Use: Scroll            |     4 |    10 ||    14
       Potion            |     2 |     4 ||     6
 Stab: Sleeping          |       |     1 ||     1
       Invisible         |       |     1 ||     1
  Eat: Chunk             |     1 |     5 ||     6
